PL
CHICAGO HAWKS @ BOSTON PATRIOTS
08/03/2021
 
TOP OF THE 1ST
Chicago Hawks batting - Pitching for Boston Patriots : RHP Tom Reynolds
Pitching: RHP Tom Reynolds
Batting: LHB Motoshige Kitamura 0-0: Ball
1-0: Ball
2-0: Called Strike
2-1: Swinging Strike
2-2: Foul Ball, location: 2F
2-2: SINGLE (Line Drive, 89S)
Batting: RHB José Lozano 0-0: Foul Ball, location: 2F
0-1: Ball
1-1: Ball
2-1: Foul Ball, location: 2F
2-2: Strikes out looking
Batting: LHB Mal Wadley 0-0: Called Strike
0-1: Fielders Choice at 2nd, 4-6 (Groundball, 34)
Batting: LHB Bobby Moore 0-0: Ball
1-0: Called Strike
1-1: Ball
2-1: Foul Ball, location: 2F
2-2: Fielders Choice at 2nd, 5-4 (Groundball, 56)
Top of the 1st over - 0 run(s), 1 hit(s), 0 error(s), 0 left on base; Chicago 0 - Boston 0
BOTTOM OF THE 1ST
Boston Patriots batting - Pitching for Chicago Hawks : RHP Stuart Lee
Pitching: RHP Stuart Lee
Batting: RHB Tommy Jones 0-0: Ball
1-0: Called Strike
1-1: Foul Ball, location: 2F
1-2: SINGLE (Line Drive, 78M)
Batting: RHB Abílio Conceio 0-0: Ball
Wild Pitch!
Tommy Jones to second
1-0: Fly out, F4 (Line Drive, 4D)
Batting: LHB Chad Armstrong 0-0: Called Strike
0-1: Ball
1-1: Swinging Strike
1-2: Ball
2-2: Strikes out swinging
Batting: RHB Wilfred McLaughlin 0-0: Called Strike
0-1: Called Strike
0-2: Ball
1-2: SINGLE (Groundball, 56D) (infield hit)
Tommy Jones to third
Batting: LHB Bill Chambers 0-0: Ball
1-0: Fly out, F8 (Flyball, 8LD)
Bottom of the 1st over - 0 run(s), 2 hit(s), 0 error(s), 2 left on base; Chicago 0 - Boston 0
TOP OF THE 2ND
Chicago Hawks batting - Pitching for Boston Patriots : RHP Tom Reynolds
Batting: LHB Bill Griffin 0-0: Called Strike
0-1: Ground out 6-3 (Groundball, 6M)
Batting: RHB Ed Whitaker 0-0: Ball
1-0: Called Strike
1-1: Ball
2-1: Ground out 2-3 (Groundball, 2L)
Batting: RHB Mitch Jensen 0-0: Hit by Pitch
Batting: RHB José Ramos 0-0: Called Strike
0-1: Called Strike
0-2: Ball
1-2: Ball
2-2: Strikes out swinging
Top of the 2nd over - 0 run(s), 0 hit(s), 0 error(s), 1 left on base; Chicago 0 - Boston 0
BOTTOM OF THE 2ND
Boston Patriots batting - Pitching for Chicago Hawks : RHP Stuart Lee
Batting: RHB Tamasaburo Kato 0-0: Called Strike
0-1: Fly out, F7 (Flyball, 7LD)
Batting: RHB Enrique Pérez 0-0: Ground out 6-3 (Groundball, 56)
Batting: RHB Bob Heller 0-0: Ground out 1-3 (Groundball, 13)
Bottom of the 2nd over - 0 run(s), 0 hit(s), 0 error(s), 0 left on base; Chicago 0 - Boston 0
TOP OF THE 3RD
Chicago Hawks batting - Pitching for Boston Patriots : RHP Tom Reynolds
Batting: RHB Ted Young 0-0: Called Strike
0-1: Fly out, F7 (Line Drive, 7LM)
Batting: LHB Motoshige Kitamura 0-0: Called Strike
0-1: Ball
1-1: Swinging Strike
1-2: Strikes out swinging
Batting: RHB José Lozano 0-0: Swinging Strike
0-1: Swinging Strike
0-2: Ball
1-2: Strikes out swinging
Top of the 3rd over - 0 run(s), 0 hit(s), 0 error(s), 0 left on base; Chicago 0 - Boston 0
BOTTOM OF THE 3RD
Boston Patriots batting - Pitching for Chicago Hawks : RHP Stuart Lee
Batting: LHB Jake Shelton 0-0: Ground out 4-3 (Groundball, 4)
Batting: RHB Tommy Jones 0-0: Foul Ball, location: 2F
0-1: Ball
1-1: Ball
2-1: Fly out, F6 (Popup, 5D)
Batting: RHB Abílio Conceio 0-0: Called Strike
0-1: SINGLE (Flyball, 89S)
Batting: LHB Chad Armstrong 0-0: Ball
1-0: TRIPLE (Flyball, 9D)
Abílio Conceio scores
Batting: RHB Wilfred McLaughlin 0-0: Foul Ball, location: 2F
0-1: Foul Ball, location: 2F
0-2: Foul Ball, location: 2F
0-2: Foul Ball, location: 2F
0-2: Ball
1-2: Ball
2-2: Ball
3-2: Base on Balls
Batting: LHB Bill Chambers 0-0: Ball
1-0: Ball
2-0: Fly out, F9 (Line Drive, 89D)
Bottom of the 3rd over - 1 run(s), 2 hit(s), 0 error(s), 2 left on base; Chicago 0 - Boston 1
TOP OF THE 4TH
Chicago Hawks batting - Pitching for Boston Patriots : RHP Tom Reynolds
Batting: LHB Mal Wadley 0-0: Ball
1-0: Called Strike
1-1: Called Strike
1-2: Foul Ball, location: 2F
1-2: Strikes out swinging
Batting: LHB Bobby Moore 0-0: Ball
1-0: Ball
2-0: Ball
3-0: Called Strike
3-1: Ground out U3 (Groundball, 3)
Batting: LHB Bill Griffin 0-0: Fly out, F6 (Popup, 6M)
Top of the 4th over - 0 run(s), 0 hit(s), 0 error(s), 0 left on base; Chicago 0 - Boston 1
BOTTOM OF THE 4TH
Boston Patriots batting - Pitching for Chicago Hawks : RHP Stuart Lee
Batting: RHB Tamasaburo Kato 0-0: Foul Ball, location: 2F
0-1: Ball
1-1: Foul Ball, location: 2F
1-2: Ball
2-2: Foul Ball, location: 2F
2-2: Ground out 1-3 (Groundball, 15)
Batting: RHB Enrique Pérez 0-0: Ball
1-0: Ball
2-0: Fly out, F7 (Flyball, 78D)
Batting: RHB Bob Heller 0-0: Ball
1-0: Called Strike
1-1: Swinging Strike
1-2: Foul Ball, location: 2F
1-2: Ground out 2-3 (Groundball, 2R)
Bottom of the 4th over - 0 run(s), 0 hit(s), 0 error(s), 0 left on base; Chicago 0 - Boston 1
TOP OF THE 5TH
Chicago Hawks batting - Pitching for Boston Patriots : RHP Tom Reynolds
Batting: RHB Ed Whitaker 0-0: Ball
1-0: Swinging Strike
1-1: Called Strike
1-2: Strikes out looking
Batting: RHB Mitch Jensen 0-0: Ball
1-0: Swinging Strike
1-1: Ball
2-1: Ball
3-1: Base on Balls
Batting: RHB José Ramos 0-0: Called Strike
0-1: Swinging Strike
0-2: Ball
1-2: Ball
2-2: Foul Ball, location: 2F
2-2: Ball
3-2: Base on Balls
Mitch Jensen to second
Batting: RHB Ted Young 0-0: Called Strike
0-1: Foul Ball, location: 2F
0-2: Ball
1-2: Strikes out swinging
Batting: LHB Motoshige Kitamura 0-0: Foul Ball, location: 2F
0-1: Called Strike
0-2: Ground out 5-3 (Groundball, 56S)
Top of the 5th over - 0 run(s), 0 hit(s), 0 error(s), 2 left on base; Chicago 0 - Boston 1
BOTTOM OF THE 5TH
Boston Patriots batting - Pitching for Chicago Hawks : RHP Stuart Lee
Batting: LHB Jake Shelton 0-0: Called Strike
0-1: Ball
1-1: Foul Ball, location: 2F
1-2: Ground out 4-3 (Groundball, 34)
Batting: RHB Tommy Jones 0-0: Ball
1-0: Foul Ball, location: 2F
1-1: Swinging Strike
1-2: Ground out 5-3 (Groundball, 56)
Batting: RHB Abílio Conceio 0-0: Ball
1-0: Fly out, F7 (Line Drive, 78D)
Bottom of the 5th over - 0 run(s), 0 hit(s), 0 error(s), 0 left on base; Chicago 0 - Boston 1
TOP OF THE 6TH
Chicago Hawks batting - Pitching for Boston Patriots : RHP Tom Reynolds
Batting: RHB José Lozano 0-0: Called Strike
0-1: Fly out, F8 (Flyball, 8RD)
Batting: LHB Mal Wadley 0-0: Called Strike
0-1: Foul Ball, location: 2F
0-2: Strikes out swinging
Batting: LHB Bobby Moore 0-0: Ground out 4-3 (Groundball, 4)
Top of the 6th over - 0 run(s), 0 hit(s), 0 error(s), 0 left on base; Chicago 0 - Boston 1
BOTTOM OF THE 6TH
Boston Patriots batting - Pitching for Chicago Hawks : RHP Stuart Lee
Batting: LHB Chad Armstrong 0-0: Ball
1-0: Ball
2-0: Ball
3-0: Base on Balls
Batting: RHB Wilfred McLaughlin 0-0: Fly out, F9 (Flyball, 9D)
Batting: LHB Bill Chambers 0-0: Called Strike
0-1: Foul Ball, location: 2F
0-2: SINGLE (Flyball, 7S)
Chad Armstrong to second
Batting: RHB Tamasaburo Kato 0-0: Ball
1-0: Ball
2-0: Called Strike
2-1: Ball
3-1: Swinging Strike
3-2: Fielders Choice at 3rd, U5 (Groundball, 5L)
Bill Chambers to second
Batting: RHB Enrique Pérez 0-0: Ball
1-0: Called Strike
1-1: Ball
2-1: Ball
3-1: DOUBLE (Groundball, 5L)
Bill Chambers scores
Tamasaburo Kato to third
Batting: RHB Bob Heller 0-0: Called Strike
0-1: Fly out, F9 (Flyball, 89S)
Bottom of the 6th over - 1 run(s), 2 hit(s), 0 error(s), 2 left on base; Chicago 0 - Boston 2
TOP OF THE 7TH
Chicago Hawks batting - Pitching for Boston Patriots : RHP Tom Reynolds
Batting: LHB Bill Griffin 0-0: Foul Ball, location: 2F
0-1: Ball
1-1: Ball
2-1: Ball
3-1: Base on Balls
Batting: RHB Ed Whitaker 0-0: Foul Ball, location: 2F
0-1: Ball
1-1: Ball
2-1: Ball
3-1: Grounds into double play, 5-4-3 (Groundball, 5L)
Batting: RHB Mitch Jensen 0-0: Called Strike
0-1: Ground out 5-3 (Groundball, 5)
Top of the 7th over - 0 run(s), 0 hit(s), 0 error(s), 0 left on base; Chicago 0 - Boston 2
BOTTOM OF THE 7TH
Boston Patriots batting - Pitching for Chicago Hawks : RHP Stuart Lee
Batting: LHB Jake Shelton 0-0: Called Strike
0-1: Called Strike
0-2: Strikes out swinging
Batting: RHB Tommy Jones 0-0: Called Strike
0-1: Ground out 3-1 (Groundball, 3)
Batting: RHB Abílio Conceio 0-0: DOUBLE (Flyball, 9LM)
Batting: LHB Chad Armstrong 0-0: Ball
1-0: Called Strike
1-1: Ball
2-1: Ball
3-1: Base on Balls
Batting: RHB Wilfred McLaughlin 0-0: Foul Ball, location: 2F
0-1: Ball
1-1: Called Strike
1-2: Strikes out swinging
Bottom of the 7th over - 0 run(s), 1 hit(s), 0 error(s), 2 left on base; Chicago 0 - Boston 2
TOP OF THE 8TH
Chicago Hawks batting - Pitching for Boston Patriots : RHP Tom Reynolds
Batting: RHB José Ramos 0-0: Ball
1-0: Ball
2-0: Ball
3-0: Called Strike
3-1: Called Strike
3-2: Foul Ball, location: 2F
3-2: Foul Ball, location: 2F
3-2: Ground out 6-3 (Groundball, 6M)
Batting: RHB Ted Young 0-0: Foul Ball, location: 2F
0-1: Ball
1-1: Foul Ball, location: 2F
1-2: Ball
2-2: Strikes out looking
Batting: LHB Motoshige Kitamura 0-0: SINGLE (Line Drive, 89S)
Batting: RHB José Lozano 0-0: Ball
1-0: Foul Ball, location: 2F
1-1: Ball
2-1: Foul Ball, location: 2F
2-2: Ball
3-2: Strikes out swinging
Top of the 8th over - 0 run(s), 1 hit(s), 0 error(s), 1 left on base; Chicago 0 - Boston 2
BOTTOM OF THE 8TH
Boston Patriots batting - Pitching for Chicago Hawks : RHP Stuart Lee
Batting: LHB Bill Chambers 0-0: Foul Ball, location: 2F
0-1: Swinging Strike
0-2: Fly out, F4 (Popup, 4M)
Batting: RHB Tamasaburo Kato 0-0: Called Strike
0-1: Ground out 6-3 (Groundball, 6S)
Batting: RHB Enrique Pérez 0-0: Ball
1-0: Ball
2-0: Swinging Strike
2-1: Ball
3-1: Base on Balls
Batting: RHB Bob Heller 0-0: Called Strike
0-1: Ball
1-1: Fly out, F6 (Line Drive, 6)
Bottom of the 8th over - 0 run(s), 0 hit(s), 0 error(s), 1 left on base; Chicago 0 - Boston 2
TOP OF THE 9TH
Chicago Hawks batting - Pitching for Boston Patriots : RHP Tom Reynolds
Batting: LHB Mal Wadley 0-0: Ball
1-0: Swinging Strike
1-1: SINGLE (Line Drive, 5D)
Pitching: LHP John Coleman
Pinch Hitting: RHB Ben Ross 0-0: Ball
1-0: Called Strike
1-1: Ball
2-1: Foul Ball, location: 2F
2-2: Strikes out swinging
Batting: LHB Bill Griffin 0-0: Called Strike
0-1: Ball
1-1: Ball
2-1: Ball
3-1: SINGLE (Groundball, 4MD)
Mal Wadley to second
Batting: RHB Ed Whitaker 0-0: Fly out, F7 (Line Drive, 7S)
Batting: RHB Mitch Jensen 0-0: Ball
1-0: Called Strike
1-1: Ball
2-1: Foul Ball, location: 2F
2-2: Ball
3-2: Fly out, F8 (Flyball, 8RS)
Top of the 9th over - 0 run(s), 2 hit(s), 0 error(s), 2 left on base; Chicago 0 - Boston 2
This league is powered by Out of the Park Baseball, the baseball management simulation game for PC, Mac and Linux
Friday, January 22nd, 2016 - OOTP Baseball 16.9 Build 39